AoeStats
← Dirkhvh

Arena

508096665Analyzed
1v1 RM · 13d ago on Sep 20, 2026· 33m 9s· 2 players
Game mode
Random Map
Map size
Tiny (2 player)
Population
200
Speed
Normal
Resources
Standard
Victory
Conquest
Starting age
Dark Age
Ending age
Imperial Age
RankedLock teamsTeams togetherTeam positionsShared explorationLock speedFull tech treeHidden civsTurbo modeCheats
Victory
Defeat
🇳🇱 Persians · Netherlands
628
+13
🇺🇸 Spanish · United States
557
-13
Dirkhvh
9:22 Feudal Age
9:43 Horse Collar
9:52 Double-Bit Axe
18:05 Castle Age
17:43 Fletching
19:39 Bow Saw
19:29 Bodkin Arrow
19:49 Gold Mining
20:08 Heavy Plow
23:41 Thumb Ring
24:31 Padded Archer Armor
25:37 Ballistics
27:05 Leather Archer Armor
33:43 Imperial Age
32:04 Bloodlines
31:55 Husbandry
7th Satrap
8:52 Loom
11:59 Feudal Age
16:43 Castle Age
19:06 Double-Bit Axe
20:52 Stone Mining
21:27 Horse Collar
25:31 Elite Skirmisher
30:02 Padded Archer Armor
29:54 Fletching
33:12 Bodkin Arrow
Connection lost

Rejoining the realm…

Still unreachable

The connection could not be restored.

Session expired

The server has moved on; the page needs a fresh start.